Map: Oceanborn LE

Players

Harstem - Winner!

  • Race: Protoss Protoss
  • League: Master
  • Spawn Location: 5:00

RedpackCuKu (CuKu)

  • Race: Terran Terran
  • Spawn Location: 11:00

Event: HomeStory Cup XXV

VOD

Have the link to the VOD?

Description

Time

  • Played on: June 22, 2024, 7:30 a.m.
  • Length: 6:23

All games in this series

Show
View Real Time Build Order
Export as new Build Order

Harstem Protoss - Winner!

Build Orders: 1 Gate Expand, Blink Stalkers 

Get SALT Encoding   

  12  0:00  Probe  
  13  0:12  Probe  
  14  0:17  Pylon  
  14  0:24  Probe  
  15  0:35  Gateway  
  15  0:36  Probe (Chrono Boost)  
  16  0:46  Assimilator, Probe (Chrono Boost)  
  17  0:51  Probe (Chrono Boost)  
  18  1:03  Probe  
  19  1:15  Probe  
  20  1:22  Cybernetics Core  
  20  1:33  Nexus  
  20  1:41  Pylon  
  20  1:43  Probe  
  21  1:50  Assimilator  
  21  1:55  Probe  
  21  1:56  Adept (Chrono Boost)  
  24  2:02  Warp Gate  
  24  2:07  Probe  
  25  2:16  Adept (Chrono Boost)  
  25  2:19  Probe  
  28  2:29  Twilight Council  
  28  2:31  Probe  
  29  2:39  Stalker  
  31  2:45  Probe x2  
  33  2:53  Gateway  
  33  2:57  Probe x2  
  35  3:02  Blink (Chrono Boost)  
  35  3:09  Probe  
  35  3:10  Probe  
  37  3:21  Probe  
  37  3:22  Probe  
  37  3:25  Robotics Facility  
  39  3:33  Probe  
  40  3:34  Probe  
  41  3:44  Pylon  
  41  3:45  Probe  
  41  3:47  Probe  
  43  3:52  Stalker  
  43  3:54  Pylon  
  45  3:57  Probe  
  45  4:00  Assimilator  
  45  4:02  Assimilator  
  46  4:04  Probe  
  46  4:06  Stalker  
  46  4:08  Shield Battery  
  46  4:09  Probe  
  50  4:12  Immortal (Chrono Boost)  
  52  4:21  Probe, Pylon  
  52  4:23  Stalker  
  56  4:24  Probe  
  56  4:30  Stalker  
  58  4:34  Probe  
  58  4:36  Probe  
  60  4:46  Probe  
  60  4:47  Stalker  
  60  4:49  Immortal (Chrono Boost)  
  67  4:59  Stalker  
  69  5:04  Pylon  
  69  5:17  Stalker  
  69  5:24  Immortal  
  69  5:28  Stalker  
  76  5:32  Nexus, Pylon  
  75  5:38  Probe  
  75  5:40  Robotics Bay  
  76  5:46  Pylon  
  76  5:56  Probe  
  76  5:57  Probe  
  76  6:08  Probe  
  76  6:09  Probe  
  76  6:10  Stalker x2  
Show
View Real Time Build Order
Export as new Build Order

RedpackCuKu Terran 

Build Orders: Cyclone Opening 

Get SALT Encoding   

  12  0:00  SCV  
  13  0:12  SCV  
  14  0:17  Supply Depot  
  14  0:24  SCV  
  15  0:38  SCV  
  15  0:40  Barracks  
  16  0:45  Refinery  
  16  0:50  SCV  
  17  1:02  SCV  
  18  1:14  SCV  
  19  1:26  Marine  
  19  1:28  Orbital Command  
  20  1:44  Command Center  
  20  1:56  Factory  
  20  2:02  SCV  
  20  2:06  Barracks Reactor  
  21  2:11  Supply Depot  
  21  2:14  SCV  
  22  2:26  SCV  
  23  2:34  Barracks  
  23  2:40  Cyclone  
  23  2:42  Marine x2  
  27  2:45  SCV  
  28  2:56  Barracks  
  28  3:02  Marine x2  
  29  3:14  Cyclone  
  29  3:19  SCV  
  31  3:21  Supply Depot  
  31  3:29  Marine x3  
  32  3:44  Marine  
  32  3:47  Marine  
  34  3:50  Factory Tech Lab  
  34  3:56  Marine  
  34  3:59  Marine  
  36  4:02  Marine  
  36  4:06  Marine  
  36  4:09  Siege Tank  
  41  4:13  Marine  
  41  4:17  Marine  
  42  4:20  Marine  
  42  4:24  Marine  
  44  4:27  Orbital Command  
  45  4:31  Marine  
  45  4:34  Marine  
  45  4:38  Marine  
  47  4:42  Marine  
  49  4:46  Siege Tank  
  49  4:49  Marine  
  49  4:52  Marine  
  53  4:57  Marine  
  54  5:00  Marine  
  54  5:07  Marine  
  54  5:10  Marine  
  53  5:15  Marine  
  51  5:22  Marine  
  51  5:23  Siege Tank  
  51  5:25  Marine  
  51  5:31  Marine  
  51  5:32  Marine  
  51  5:40  Marine  
  49  5:42  Marine  
  49  5:46  Barracks  
  49  5:49  Marine  
  51  5:50  Marine  
  51  5:51  Supply Depot  
  50  5:58  Marine  
  50  6:00  Marine  
Tags
 
Add a new tag
Caveats
  • Supply blocks, unpowered buildings, or Contaminate may cause inaccurate times.
  • Supply counts are checked every 10 seconds.